 Dungeon Crawl Stone Soup version 0.30-a0-381-g6ea064c7b4 (webtiles) character file.

Game seed: 17512394925120638643

2370 scionoferis the Ruffian (level 9, -3/84 HPs)
             Began as a Troll Earth Elementalist on Dec 1, 2022.
             Was a Believer of Sif Muna.
             Slain by an orc warrior
             ... wielding a +0 hand axe
              (7 damage)
             ... on level 7 of the Dungeon.
             The game lasted 00:14:35 (4517 turns).

scionoferis the Ruffian (Troll Earth Elementalist)  Turns: 4517, Time: 00:14:36

Health: -3/84      AC:  4    Str: 24 (26) XL:     9   Next: 21%
Magic:  20/20      EV: 10    Int: 11 (13) God:    Sif Muna [**....]
Gold:   144        SH:  0    Dex:  9 (10) Spells: 9/10 levels left

rFire   . . .      SeeInvis .      - Unarmed
rCold   . . .      Faith    .    (no shield)
rNeg    . . .      Spirit   .    a - +0 robe
rPois   .          Reflect  .    (helmet restricted)
rElec   .          Harm     .    x - scarf {repulsion}
rCorr   .          Rampage  .    (gloves unavailable)
Will    .....                    (boots unavailable)
Stlth   +.........               s - amulet of regeneration
HPRegen 1.94/turn                D - ring of magical power
MPRegen 0.17/turn                F - +6 ring of strength

@: repel missiles
A: large, unfitting armour, claws 3, regeneration 1, shaggy fur 1, tough skin 1
a: Renounce Religion, Channel Magic


You were on level 7 of the Dungeon.
You worshipped Sif Muna.
Sif Muna was pleased with you.
You visited 2 branches of the dungeon, and saw 8 of its levels.

You collected 296 gold pieces.
You spent 152 gold pieces at shops.


Innate Abilities, Weirdness & Mutations

You are too large for most types of armour.
You have claws for hands.
Your natural rate of healing is unusually fast.
You are covered in fur. (AC +1)
You have tough skin. (AC +1)


   Skills:
 + Level 3.9 Fighting
 + Level 3.5 Throwing
 + Level 4.4 Dodging
 - Level 1.0 Stealth
 * Level 7.0 Unarmed Combat
 - Level 1.2 Spellcasting
 - Level 0.6 Transmutations
 - Level 2.6 Earth Magic
 * Level 5.1 Invocations


You had 9 spell levels left.
You knew the following spells:

 Your Spells              Type           Power      Damage    Failure   Level
a - Sandblast             Erth           12%        2d6       11%         1

Your spell library contained the following spells:

 Spells                   Type           Power      Damage    Failure   Level
 Passwall                 Tmut/Erth      3%         N/A       24%         2
 Freeze                   Ice            0%         1d3       32%         1
 Magic Dart               Conj           0%         1d3       32%         1
 Shock                    Conj/Air       0%         1d3       32%         1
 Summon Small Mammal      Summ           0%         N/A       32%         1
 Searing Ray              Conj           0%         2d4       43%         2
 Stone Arrow              Conj/Erth      6%         3d7       50%         3
 Call Canine Familiar     Summ           0%         N/A       67%         3
 Frozen Ramparts          Ice            0%         1d1       67%         3
 Hailstorm                Conj/Ice       0%         3d3       67%         3
 Summon Guardian Golem    Hex/Summ       0%         N/A       67%         3
 Swiftness                Air            0%         N/A       67%         3
 Petrify                  Tmut/Erth      4%         N/A       85%         4
 Airstrike                Air            0%         2d(0-16)  97%         4
 Fulminant Prism          Conj/Hex       0%         3d5       97%         4
 Summon Forest            Summ/Tloc      0%         N/A       100%        5
 Eringya's Noxious Bog    Tmut/Pois      0%         N/A       100%        6
 Summon Hydra             Summ           0%         N/A       100%        7

Inventory:

Hand Weapons
 b - a +1 shortbow of electrocution
   (You took it off a centaur on level 6 of the Dungeon)
Missiles
 d - 57 stones
 n - 6 boomerangs
 o - 3 large rocks (quivered)
 v - 5 atropa-tipped darts
Armour
 a - a +0 robe (worn)
 x - a scarf of repulsion (worn)
   (You found it on level 6 of the Dungeon)
Jewellery
 s - an amulet of regeneration (around neck)
   (You found it on level 4 of the Dungeon)
 D - a ring of magical power (left claw)
   (You bought it in a shop on level 7 of the Dungeon)
 F - a +6 ring of strength (right claw)
   (You found it on level 7 of the Dungeon)
Wands
 i - a wand of mindburst (5)
   (You took it off Ijyb on level 3 of the Dungeon)
 A - a wand of polymorph (10)
   (You found it on level 6 of the Dungeon)
 G - a wand of quicksilver (6)
   (You found it on level 7 of the Dungeon)
Scrolls
 c - 5 scrolls of identify {unknown}
 e - a scroll of enchant armour {unknown}
 f - 5 scrolls of vulnerability {unknown}
 l - a scroll of torment {unknown}
 m - 4 scrolls of teleportation {unknown}
 p - a scroll of butterflies {unknown}
 r - 2 scrolls of poison {unknown}
 u - a scroll of immolation {unknown}
 C - a scroll of enchant weapon {unknown}
 E - a scroll of fear {unknown}
Potions
 g - a potion of invisibility {unknown}
 h - 4 potions of degeneration
 j - 2 potions of haste {unknown}
 k - 6 potions of curing {unknown}
 q - 3 potions of mutation {unknown}
 t - a potion of attraction {unknown}
 w - a potion of lignification {unknown}
 y - 2 potions of magic
 z - 2 potions of flight {unknown}
 B - a potion of might {unknown}

Dungeon Overview and Level Annotations

Branches:
Dungeon (7/15)             Temple (1/1) D:5

Altars:
Ashenzari
Cheibriados
Fedhas
Gozag
Hepliaklqana
Kikubaaqudgha
Makhleb
Nemelex Xobeh
Okawaru
Qazlal
Ru
Sif Muna
Trog
Uskayaw
Vehumet
Wu Jian
Xom
Yredelemnul
The Shining One

Shops:
D:7

* ######## #######
#......####.....#
#......#..#.....#
#......#..'.....#
#......#..#..@o.#
#......#..####)#..#
####......#...#......#
..........#...#......#
..........#...#......#
#.⌠...
..........'...#......#
#.....
..........######...###
#...>. #####.....#
##### .....
....#.....# ⌠...


You could see an orc warrior.


Message History

You scratch the orc but do no damage.
The orc is lightly wounded.
A gnoll comes into view. It is wielding a +6 flail.
The orc hits you with a +0 dagger.
You claw the orc!
You kill the orc!
Sif Muna accepts your kill.
Your Fighting skill increases to level 3!
You claw the orc!
You kill the orc!
Sif Muna accepts your kill.
Things that are here:
a +0 hand axe; an orc corpse
There is a stone staircase leading up here.
You climb upwards.
There is a stone staircase leading down here.
You start resting.
HP restored.
You climb downwards.
The gnoll hits you with a +6 flail! x2
There is a stone staircase leading up here.
You scratch the gnoll.
The gnoll is moderately wounded.
The gnoll hits you with a +6 flail!
You completely miss the gnoll.
The gnoll is moderately wounded.
The gnoll barely misses you.
You closely miss the gnoll.
The gnoll is moderately wounded.
The gnoll barely misses you.
You claw the gnoll!
You kill the gnoll!
Sif Muna accepts your kill.
You can now call upon Sif Muna for magical energy.
An orc comes into view. It is wielding a +0 short sword.
You have reached level 8!
Items here: )) ††.
There is a stone staircase leading up here.
You claw the orc!
You kill the orc!
Sif Muna accepts your kill.
You see here a +0 short sword.
HP restored.
f - 3 scrolls labelled QIN BUNUESACS (gained 1)
An orc wizard comes into view. It is wielding a +0 dagger.
The orc wizard moves out of view.
You see here a +0 short sword.
Unknown command.
The orc wizard shouts!
You hear an angry hiss.
An orc wizard is nearby!
An adder comes into view.
Found a stone staircase leading down.
The orc wizard gestures wildly while chanting.
The orc wizard flickers and vanishes!
Deactivating autopickup; reactivate with Ctrl-A.
Something hits you. The adder completely misses you.
There is a stone staircase leading down here.
You barely miss the adder. Something hits you but does no damage.
The adder closely misses you. The adder bites you.
You are poisoned.
The adder poisons you! The adder attacks as you move away!
The adder bites you but does no damage.
You feel sick. The adder attacks as you move away!
The adder closely misses you.
You feel sick. The adder barely misses you.
You scratch the adder but do no damage.
You feel sick. The adder misses you.
You claw the adder!
The adder is almost dead.
The adder bites you.
You barely miss the adder.
The adder is almost dead.
You feel sick. The adder closely misses you.
You claw the adder!
You kill the adder!
Sif Muna accepts your kill.
You feel sick.
You are no longer poisoned.
You hear some strange, mumbled words.
A puff of flame appears from out of thin air!
The puff of flame hits you. Something hits you but does no damage.
You see here an adder corpse.
You scratch something. Something hits you.
You barely miss something. Something hits you but does no damage.
You scratch something but do no damage. Something hits you.
You barely miss something. Something hits you.
You completely miss something. You miss something. Something hits you.
You scratch something but do no damage.
You hear some strange, mumbled words.
A magic dart appears from out of thin air!
The magic dart hits you.
You claw something! Something hits you but does no damage.
You miss something. Something hits you but does no damage.
You scratch something. Your claw misses something.
You hear some strange, mumbled words.
A puff of flame appears from out of thin air!
The puff of flame hits you!
You barely miss something. Something completely misses you.
You claw something! Sif Muna accepts your kill.
Reactivating autopickup.
You feel a bit more experienced.
Things that are here:
a +0 dagger; a +0 robe; an orc corpse
Found a stone staircase leading up.
You now have 129 gold pieces (gained 3).
Found 5 atropa-tipped darts.
u - a scroll labelled HIEHOR JYSUWU You see here 5 atropa-tipped darts.
v - 5 atropa-tipped darts An iguana comes into view.
Found a ring mail.
Found a stone staircase leading down.
The helpless iguana fails to defend itself.
You claw the iguana!
The iguana is almost dead.
The iguana barely misses you.
You completely miss the iguana.
The iguana is almost dead.
The iguana bites you.
You barely miss the iguana.
The iguana is almost dead.
You claw the iguana!
You kill the iguana!
Sif Muna accepts your kill.
No target in view!
Found an escape hatch in the floor.
You now have 139 gold pieces (gained 10).
An adder comes into view.
The adder hisses angrily.
You claw the adder!
The adder is almost dead.
The adder closely misses you.
You claw the adder!
You kill the adder!
Sif Muna accepts your kill.
You see here an adder corpse.
You see here an adder corpse.
A gnoll comes into view. It is wielding a +0 flail.
The gnoll shouts!
You claw the gnoll!
You kill the gnoll!
Sif Muna accepts your kill.
You now have 151 gold pieces (gained 12).
You see here a +0 flail.
You now have 152 gold pieces (gained 1).
Found a stone staircase leading up.
Found a quarterstaff.
r - 2 scrolls labelled XIBEACW WUEG (gained 1)
Found a stone staircase leading down.
A jelly comes into view.
Throw: 44 stones
Press: ? - help, Q - select action, (/) - cycle Shift-Dir - straight line, f - jelly
Aim: a jelly (wandering, hasn't noticed you, 89% to hit)
You throw a stone. The jelly quivers.
The stone hits the jelly.
The jelly is moderately wounded.
Throw: 43 stones
Press: ? - help, Q - select action, (/) - cycle Shift-Dir - straight line, f/p - jelly
Aim: a jelly (moderately wounded, 89% to hit)
You throw a stone. The stone barely misses the jelly.
Unknown command.
Throw: 42 stones
Press: ? - help, Q - select action, (/) - cycle Shift-Dir - straight line, f/p - jelly
Aim: a jelly (lightly wounded, 89% to hit)
You throw a stone. The stone hits the jelly.
The jelly is moderately wounded.
Unknown command.
Throw: 41 stones
Press: ? - help, Q - select action, (/) - cycle Shift-Dir - straight line, f/p - jelly
Aim: a jelly (moderately wounded, 89% to hit)
You throw a stone. The stone hits the jelly.
The jelly is heavily wounded.
Unknown command.
Throw: 40 stones
Press: ? - help, Q - select action, (/) - cycle Shift-Dir - straight line, f/p - jelly
Aim: a jelly (heavily wounded, 89% to hit)
You throw a stone. The stone barely misses the jelly.
Unknown command.
Throw: 39 stones
Press: ? - help, Q - select action, (/) - cycle Shift-Dir - straight line, f/p - jelly
Aim: a jelly (heavily wounded, 89% to hit)
You throw a stone. The stone hits the jelly.
The jelly is heavily wounded.
Unknown command.
You claw the jelly!
You kill the jelly!
Sif Muna accepts your kill.
No target in view!
There is a stone staircase leading down here.
Things that are here:
a +0 dagger; a +0 robe; an orc skeleton
There is a stone staircase leading down here.
Found a staircase to the Ecumenical Temple.
Found an escape hatch in the ceiling.
w - a glowing silvery potion
Found 13 gold pieces.
There is a staircase to the Ecumenical Temple here.
You climb downwards.
Welcome to the Ecumenical Temple!
Found an ancient bone altar of Kikubaaqudgha and a shimmering altar of Xom.
Found two transporters.
There is a staircase back to the Dungeon here.
Found two transporters.
Found three altars.
Found a radiant altar of Vehumet.
Found a sacrificial altar of Ru.
Partly explored, unvisited transporter.
Partly explored, unvisited transporter.
Partly explored, unvisited transporter.
There is a transporter here.
You enter the transporter and appear at another place.
Partly explored, unvisited transporter.
Unknown command.
There is a transporter here.
You enter the transporter and appear at another place.
Partly explored, unvisited transporter.
There is a transporter here.
You enter the transporter and appear at another place.
There is a transporter landing site here.
There is a transporter here.
You enter the transporter and appear at another place.
Unknown command.
There is a transporter here.
There is a staircase back to the Dungeon here.
You climb upwards.
Welcome back to the Dungeon!
There is a staircase to the Ecumenical Temple here.
You now have 165 gold pieces (gained 13).
A gnoll comes into view. It is wielding a +0 halberd.
There is an escape hatch in the ceiling here.
The gnoll hits you with a +0 halberd.
You scratch the gnoll.
The gnoll is moderately wounded.
The gnoll hits you with a +0 halberd!
You claw the gnoll!
The gnoll is almost dead.
The gnoll hits you but does no damage.
You scratch the gnoll.
You kill the gnoll!
Sif Muna accepts your kill.
No target in view!
No target in view!
HP restored.
Things that are here:
a +0 halberd; a gnoll corpse Done exploring.
Done exploring.
There is a stone staircase leading down here.
Search for what [Enter for "d:", or ? for help]? d: Unknown command.
You climb downwards.
There is a stone staircase leading up here.
A jelly comes into view.
The jelly quivers.
Throw: 38 stones
Press: ? - help, Q - select action, (/) - cycle Shift-Dir - straight line, f - jelly
Aim: a jelly (89% to hit)
You throw a stone. The stone barely misses the jelly.
You claw the jelly!
Your claws burn!
The jelly is heavily wounded.
You scratch the jelly. The acid corrodes you!
Your claws burn!
The jelly is severely wounded.
The jelly closely misses you.
You claw the jelly!
You kill the jelly!
Sif Muna accepts your kill.
A water moccasin comes into view.
Found a stone staircase leading up.
You start waiting.
You are no longer corroded.
Throw: 3 large rocks
Press: ? - help, Q - select action, (/) - cycle Shift-Dir - straight line, f - water moccasin
Aim: a water moccasin (asleep, 98% to hit)
You throw a large rock. The large rock hits the water moccasin!
The water moccasin hisses angrily.
The water moccasin is heavily wounded.
Throw: 2 large rocks
Press: ? - help, Q - select action, (/) - cycle Shift-Dir - straight line, f/p - water moccasin
Aim: a water moccasin (heavily wounded, 38% to hit)
You throw a large rock.
The large rock closely misses the water moccasin.
Unknown command.
You barely miss the water moccasin.
The water moccasin is heavily wounded.
The water moccasin bites you.
You are poisoned.
The water moccasin poisons you!
You scratch the water moccasin.
The water moccasin is heavily wounded.
You feel very sick. The water moccasin barely misses you.
You closely miss the water moccasin.
The water moccasin is heavily wounded.
You feel sick. The water moccasin bites you!
You scratch the water moccasin but do no damage.
The water moccasin is heavily wounded.
You feel sick.
The water moccasin completely misses you.
The water moccasin bites you.
You are more poisoned.
The water moccasin poisons you!
You miss the water moccasin.
The water moccasin is heavily wounded.
You feel very sick.
The water moccasin bites you but does no damage.
You scratch the water moccasin.
The water moccasin is severely wounded.
You feel very sick. The water moccasin barely misses you.
You scratch the water moccasin. Your claw misses the water moccasin.
The water moccasin is almost dead.
You feel very sick. The water moccasin bites you.
You claw the water moccasin!
You kill the water moccasin!
Sif Muna accepts your kill.
You feel very sick.
No target in view!
You feel very sick.
Unknown command.
You feel sick.
You feel sick.
You start resting.
You feel sick. x6
You are no longer poisoned.
HP restored.
o - 3 large rocks (gained 2)
There is a stone staircase leading up here.
A centaur comes into view.
The centaur shouts!
The centaur wields a +0 shortbow.
The centaur shoots an arrow.
The arrow hits you.
The centaur shoots an arrow.
The arrow hits you!
The centaur shoots an arrow.
The arrow hits you!
The centaur shoots an arrow.
The arrow hits you!
The centaur unwields a +0 shortbow.
The centaur hits you but does no damage.
The centaur barely misses you.
You scratch the centaur.
The centaur is lightly wounded.
The centaur hits you but does no damage.
The centaur kicks you.
The centaur hits you but does no damage.
The centaur closely misses you.
You claw the centaur!
The centaur is almost dead.
The centaur hits you. The centaur closely misses you.
You claw the centaur!
You kill the centaur!
Sif Muna accepts your kill.
Things that are here:
a +0 shortbow; a centaur corpse
Found a stone staircase leading down.
You now have 178 gold pieces (gained 13).
An orc comes into view. It is wielding a +0 club.
Found an embroidered scarf.
Found an escape hatch in the floor.
The orc shouts!
You scratch the orc but do no damage. The orc hits you with a +0 club.
You claw the orc!
You kill the orc!
Sif Muna accepts your kill.
Things that are here:
a +0 club; a +0 leather armour You see here a scarf of repulsion.
x - a scarf of repulsion You start putting on your armour.
You continue putting on your scarf of repulsion. x4
You finish putting on your scarf of repulsion.
You are surrounded by a repulsion field.
Found a stone staircase leading up.
h - 2 ruby potions (gained 1)
You now have 191 gold pieces (gained 13).
Things that are here:
a +0 club; a +0 leather armour You now have 205 gold pieces (gained 14).
Found an escape hatch in the ceiling.
Found a hide-covered altar of Uskayaw.
You pick up a book of Frost and begin reading...
You add the spells Freeze, Frozen Ramparts and Hailstorm to your library.
An iguana comes into view.
The iguana hisses angrily.
You claw the iguana!
The iguana is heavily wounded.
The iguana bites you.
You completely miss the iguana.
The iguana is heavily wounded.
The iguana bites you but does no damage.
You scratch the iguana but do no damage.
The iguana is heavily wounded.
You barely miss the iguana.
The iguana is heavily wounded.
The iguana misses you.
You scratch the iguana.
The iguana is almost dead.
The iguana bites you.
You barely miss the iguana. You claw the iguana.
You kill the iguana!
Sif Muna accepts your kill.
Your Invocations skill increases to level 4!
Okay, then.
Magic restored.
You see here an iguana corpse.
A hound comes into view.
The hound barks!
You claw the hound! Your claw misses the hound.
The hound is severely wounded.
The hound closely misses you.
You mangle the hound!!
You kill the hound!
Sif Muna accepts your kill.
Your Unarmed Combat skill increases to level 6!
No target in view!
c - 4 scrolls labelled WEUJEV URECW (gained 1)
You see here a hound corpse.
Found a stone staircase leading down.
h - 4 ruby potions (gained 2)
There is an escape hatch in the ceiling here.
Found a shortbow.
There is a hide-covered altar of Uskayaw here.
You see here a +0 shortbow.
Found a stone staircase leading down.
An iguana comes into view.
The iguana hisses angrily.
The iguana bites you but does no damage.
You scratch the iguana but do no damage.
The iguana bites you but does no damage.
You barely miss the iguana. The iguana closely misses you.
You barely miss the iguana.
The iguana bites you but does no damage.
You claw the iguana!
The iguana is heavily wounded.
The iguana barely misses you.
You scratch the iguana.
The iguana is almost dead.
A centaur comes into view.
You claw the iguana!
You kill the iguana!
Sif Muna accepts your kill.
The centaur wields a +1 shortbow of electrocution.
You hear the crackle of electricity.
The centaur shoots an arrow.
The arrow hits you!
You start resting.
A centaur is nearby!
The centaur unwields a +1 shortbow of electrocution.
It stops crackling.
The centaur hits you. The centaur kicks you. The centaur hits you.
The centaur kicks you but does no damage.
You barely miss the centaur.
The centaur hits you but does no damage.
The centaur barely misses you.
You claw the centaur! Your claw misses the centaur.
The centaur is severely wounded.
The centaur hits you but does no damage.
The centaur barely misses you.
You scratch the centaur.
The centaur is almost dead.
The centaur hits you.
The centaur misses you. x2; The centaur kicks you.
You scratch the centaur.
You kill the centaur!
Sif Muna accepts your kill.
Your Dodging skill increases to level 4!
d - 40 stones (gained 3)
You now have 219 gold pieces (gained 14).
Things that are here:
a +1 shortbow of electrocution; a centaur corpse HP restored.
q - 3 purple potions (gained 1)
A phantom comes into view.
Things that are here:
a +1 shortbow of electrocution; a centaur corpse
y - a +1 shortbow of electrocution Adjust to which letter? (? for menu, Esc to quit)
b - a +1 shortbow of electrocution;
y - a potion of magic You hear the crackle of electricity.
b - a +1 shortbow of electrocution (weapon)
You shoot an arrow.
The arrow hits the phantom but does no damage.
You shoot an arrow. The arrow closely misses the phantom.
You shoot an arrow. The arrow hits the phantom.
The phantom is lightly damaged.
Your +1 shortbow of electrocution stops crackling.
You are now empty-clawed.
You claw the phantom!
The phantom is severely damaged.
The phantom completely misses you.
You claw the phantom!
You destroy the phantom!
Sif Muna accepts your kill.
No target in view!
Found a sparkling altar of Nemelex Xobeh.
You hear the crackle of electricity.
b - a +1 shortbow of electrocution (weapon)
A jelly comes into view.
Found 15 gold pieces.
You shoot an arrow.
The arrow hits the jelly but does no damage.
The jelly quivers.
You shoot an arrow. The arrow hits the jelly.
The jelly is moderately wounded.
You shoot an arrow. The arrow hits the jelly!
The jelly is almost dead.
You shoot an arrow. The arrow hits the jelly.
The jelly is almost dead.
Your +1 shortbow of electrocution stops crackling.
You are now empty-clawed.
You barely miss the jelly.
The jelly is almost dead.
The jelly closely misses you.
You claw the jelly!
You kill the jelly!
Sif Muna accepts your kill.
An orc comes into view. It is wielding a +0 dagger.
No target in view!
No target in view!
The orc hits you with a +0 dagger.
You claw the orc!
You kill the orc!
Sif Muna accepts your kill.
No target in view!
You now have 234 gold pieces (gained 15).
z - an emerald potion
Found a scale mail.
You see here a +0 scale mail.
An orc comes into view. It is wielding a +0 hand axe.
The orc shouts!
The orc moves out of view.
Found a glowing golden altar of the Shining One.
The orc closely misses you.
You closely miss the orc. You scratch the orc.
The orc is severely wounded.
The orc closely misses you.
You closely miss the orc.
The orc is severely wounded.
The orc closely misses you.
You claw the orc!
You kill the orc!
Sif Muna accepts your kill.
A phantom comes into view.
You see here a +0 hand axe.
The phantom hits you.
The phantom blinks!
You blink.
You scratch the phantom but do no damage.
The phantom hits you!
You scratch the phantom.
The phantom is lightly damaged.
The phantom barely misses you.
You claw the phantom!
The phantom is moderately damaged.
The phantom hits you but does no damage.
You claw the phantom! Your claw misses the phantom.
The phantom is severely damaged.
The phantom hits you but does no damage.
You claw the phantom!
You destroy the phantom!
Sif Muna accepts your kill.
Your Throwing skill increases to level 3!
No target in view!
An iguana comes into view.
The iguana hisses angrily.
You closely miss the iguana. You scratch the iguana.
The iguana is lightly wounded.
The iguana closely misses you.
You claw the iguana!
The iguana is severely wounded.
The iguana bites you but does no damage.
You claw the iguana!
You kill the iguana!
Sif Muna accepts your kill.
No target in view!
Found a ring mail.
You see here a +0 ring mail.
You see here a +0 ring mail.
d - 42 stones (gained 2)
You see here a +0 ring mail.
You see here a +0 ring mail.
A - a wand of polymorph (10)
z - 2 emerald potions (gained 1)
There is a stone staircase leading down here.
Done exploring.
Done exploring.
There is a stone staircase leading down here.
Unknown command.
You climb downwards.
Found a scroll labelled WEUJEV URECW and a bubbling blue potion.
Found a stone staircase leading down.
There is a stone staircase leading up here.
You hear the crackle of electricity.
b - a +1 shortbow of electrocution (weapon)
You shoot an arrow. The arrow hits the shadow imp.
Lightning courses through the shadow imp!
You kill the shadow imp!
Sif Muna accepts your kill.
c - 5 scrolls labelled WEUJEV URECW (gained 1)
B - a bubbling blue potion
C - a scroll labelled RUGUWA DOPUORGH
d - 47 stones (gained 5)
You open the door.
There is an open door here.
You open the door.
An orc warrior and an orc come into view.
Found a potion of magic.
The orc warrior shouts!
An orc comes into view. It is wielding a +0 hand axe.
There is an open door here.
Fire: b) +1 shortbow (elec)
Press: ? - help, Q - select action, (/) - cycle Shift-Dir - straight line, f - orc
Aim: an orc, wielding a +0 club (wandering, hasn't noticed you, 57% to hit)
You shoot an arrow. The orc shouts!
The orc shouts!
The arrow hits the orc warrior but does no damage.
An orc wizard comes into view. It is wielding a +0 dagger.
Fire: b) +1 shortbow (elec)
Press: ? - help, Q - select action, (/) - cycle Shift-Dir - straight line, f/p - orc
Aim: an orc, wielding a +0 club (57% to hit)
Okay, then.
The orc wizard moves out of view.
There is an open door here.
Fire: b) +1 shortbow (elec)
Press: ? - help, Q - select action, (/) - cycle Shift-Dir - straight line, f - orc warrior
Aim: an orc warrior, wielding a +0 short sword and wearing a +0 chain mail (53% to hit)
You shoot an arrow. The arrow hits the orc warrior.
Lightning courses through the orc warrior!
The orc warrior is severely wounded.
Fire: b) +1 shortbow (elec)
Press: ? - help, Q - select action, (/) - cycle Shift-Dir - straight line, f - orc
Aim: an orc, wielding a +0 club (57% to hit)
You shoot an arrow. The arrow hits the orc.
The orc is severely wounded.
Unknown command.
Your +1 shortbow of electrocution stops crackling.
You are now empty-clawed.
You scratch the orc warrior.
The orc warrior is severely wounded.
The orc warrior barely misses you.
You claw the orc warrior!
You claw the orc warrior, but do no damage.
The orc warrior is almost dead.
The orc hits you with a +0 club. The orc hits you with a +0 hand axe.
The orc warrior hits you with a +0 short sword.
There is an open door here.
The orc attacks as you move away! The orc hits you with a +0 hand axe.
The orc attacks as you move away! The orc barely misses you.
The orc warrior hits you but does no damage.
You closely miss the orc warrior. You claw the orc warrior.
You kill the orc warrior!
Sif Muna accepts your kill.
You claw the orc!
You kill the orc!
Sif Muna accepts your kill. The orc completely misses you.
Items here: )) [ †.
You claw the orc!
You kill the orc!
Sif Muna accepts your kill.
There is an open door, spattered with blood here.
Things that are here:
a +0 hand axe; a +0 leather armour
There is an open door here.
The orc wizard hits you with a +0 dagger.
You barely miss the orc wizard.
The orc wizard hits you but does no damage.
You scratch the orc wizard.
The orc wizard is lightly wounded.
You scratch the orc wizard.
The orc wizard is heavily wounded.
The orc wizard hits you with a +0 dagger.
You claw the orc wizard!
You kill the orc wizard!
Sif Muna accepts your kill.
Things that are here:
a +0 dagger; a +0 robe
y - 2 potions of magic (gained 1)
You open the door.
A gnoll sergeant and a bullfrog come into view.
The gnoll sergeant is wielding a +4 spear of venom.
The gnoll sergeant shouts!
The bullfrog croaks.
Found a stone staircase leading down.
You barely miss the bullfrog. The bullfrog closely misses you.
You claw the bullfrog!
The bullfrog is severely wounded.
The bullfrog hits you.
You closely miss the bullfrog.
The bullfrog is severely wounded.
The bullfrog hits you. The gnoll sergeant barely misses you.
You closely miss the bullfrog.
The bullfrog is severely wounded.
The bullfrog closely misses you.
The bullfrog hits you but does no damage.
The gnoll sergeant hits you from afar with a +4 spear of venom!
You are poisoned.
You scratch the bullfrog.
The bullfrog is almost dead.
You feel very sick. The bullfrog barely misses you.
The gnoll sergeant hits you from afar with a +4 spear of venom!
You scratch the bullfrog.
You kill the bullfrog!
Sif Muna accepts your kill.
You feel sick.
You feel sick.
You feel sick.
You feel sick.
You feel sick.
You feel sick.
You feel sick.
You feel sick.
You are no longer poisoned.
There is an open door here.
You closely miss the gnoll sergeant. The gnoll sergeant misses you.
You scratch the gnoll sergeant but do no damage.
The gnoll sergeant closely misses you.
You barely miss the gnoll sergeant.
The gnoll sergeant hits you with a +4 spear of venom!
The gnoll sergeant blocks your attack.
The gnoll sergeant hits you with a +4 spear of venom!
You are poisoned.
You claw the gnoll sergeant!
The gnoll sergeant is severely wounded.
You feel very sick.
The gnoll sergeant hits you with a +4 spear of venom.
The gnoll sergeant blocks your attack.
The gnoll sergeant is severely wounded.
You feel very sick.
The gnoll sergeant hits you with a +4 spear of venom!
You are more poisoned.
You completely miss the gnoll sergeant. Your claw misses the gnoll sergeant.
The gnoll sergeant is severely wounded.
You feel very sick.
You claw the gnoll sergeant!
You kill the gnoll sergeant!
Sif Muna accepts your kill.
You feel very sick.
You have reached level 9!
Your experience leads to an increase in your attributes!
Increase (S)trength, (I)ntelligence, or (D)exterity?
You feel clever. x2; You feel stronger.
You start resting.
You feel very sick. x2
You feel sick. x9
You are no longer poisoned.
You start resting.
HP restored.
There is an open door, spattered with blood here.
Things that are here:
a +4 spear of venom; a +3 scale mail; a +0 buckler
There is an open door, spattered with blood here.
Things that are here:
a +0 hand axe; a +0 leather armour
Items here: )) [ †.
You open the door.
Found a war axe.
There is an open door here.
You open the door.
There is an open door here.
Found Jegog's Assorted Antiques.
Found a book of Air.
A sky beast comes into view.
Found a helmet.
A white imp comes into view.
The sky beast hits you but does no damage.
You barely miss the sky beast. The sky beast hits you.
The sky beast shocks you.
You claw the sky beast!
The sky beast is heavily wounded.
The white imp shouts, "Scamper home, thou reeling-ripe shard-borne clack-dish!"
The sky beast barely misses you.
You claw the sky beast!
The sky beast is almost dead.
The sky beast hits you but does no damage.
You scratch the sky beast.
The sky beast is almost dead.
The white imp gestures at you.
The puff of frost is repelled.
The sky beast hits you but does no damage.
You scratch the sky beast.
You kill the sky beast!
Sif Muna accepts your kill. The white imp barely misses you.
You scratch the white imp. You claw the white imp.
You kill the white imp!
Sif Muna accepts your kill.
There is an entrance to Jegog's Assorted Antiques here.
m - 3 scrolls labelled BICETZI YTANYW (gained 1)
m - 4 scrolls labelled BICETZI YTANYW (gained 1)
D - a ring of magical power;
E - a scroll labelled HYEDYA TYVIRED Thank you for shopping at Jegog's Assorted Antiques!
You feel your magic capacity increase.
D - a ring of magical power (left claw) Magic restored.
You open the door.
There is an open door here.
You now have 87 gold pieces (gained 5).
k - 6 murky pink potions (gained 1)
You open the door.
There is an open door here.
There is an open door here.
You open the door.
There is an open door here.
F - a +6 ring of strength You feel stronger.
F - a +6 ring of strength (right claw)
You now have 93 gold pieces (gained 6).
There is an open door here.
There is an entrance to Jegog's Assorted Antiques here.
You now have 105 gold pieces (gained 12).
You open the door. 3 howler monkeys come into view.
The howler monkey howls! x2
Found 5 stones.
You closely miss the howler monkey.
The howler monkey howls!
You claw the howler monkey!!
You kill the howler monkey!
Sif Muna accepts your kill.
The howler monkey hoots and howls with incredible vigour! x2
You scratch the howler monkey. Your claw misses the howler monkey.
The howler monkey is moderately wounded.
You claw the howler monkey!
The howler monkey is severely wounded.
The howler monkey hoots and howls with incredible vigour!
You hear a croak.
You hear a shout!
You claw the howler monkey!
You kill the howler monkey!
Sif Muna accepts your kill.
The howler monkey hoots and howls with incredible vigour!
You barely miss the howler monkey. The howler monkey closely misses you.
You barely miss the howler monkey. The howler monkey barely misses you.
You barely miss the howler monkey. The howler monkey closely misses you.
You scratch the howler monkey.
The howler monkey is moderately wounded.
The howler monkey hits you.
You mangle the howler monkey!!
You kill the howler monkey!
Sif Muna accepts your kill.
Your Invocations skill increases to level 5!
There is an open door, spattered with blood here.
d - 52 stones (gained 5)
You open the door.
There is an open door here.
Found a stone staircase leading down.
You open the door.
You now have 121 gold pieces (gained 16).
You open the door.
There is an open door here.
Found a stone staircase leading up.
h - 5 ruby potions (gained 1)
You open the door.
There is an open door here.
As you open the door, it creaks loudly!
There is an open door here.
A bullfrog comes into view.
The bullfrog croaks.
You mangle the bullfrog!!
You kill the bullfrog!
Sif Muna accepts your kill.
No target in view!
You open the door.
There is an open door here.
You open the door.
There is an open door here.
You open the door.
There is an open door here.
G - a wand of quicksilver (6)
A centaur comes into view.
The centaur shouts!
The centaur completely misses you. The centaur barely misses you.
The centaur hits you but does no damage.
The centaur kicks you.
You scratch the centaur but do no damage.
The centaur barely misses you.
The centaur kicks you but does no damage.
You mangle the centaur!!
The centaur is almost dead.
The centaur hits you. The centaur barely misses you.
You claw the centaur!
You kill the centaur!
Sif Muna accepts your kill.
d - 57 stones (gained 5)
Things that are here:
a +0 shortbow; a centaur corpse An orc comes into view.
It is wielding a +0 dagger.
The orc shouts!
You claw the orc!
You kill the orc!
Sif Muna accepts your kill.
Your Unarmed Combat skill increases to level 7!
No target in view!
You now have 132 gold pieces (gained 11).
Things that are here:
a +0 dagger; a +0 leather armour
f - 4 scrolls labelled QIN BUNUESACS (gained 1)
Things that are here:
a +0 dagger; a +0 leather armour
There is an open door here.
You open the door.
There is an open door here.
f - 5 scrolls labelled QIN BUNUESACS (gained 1)
You now have 144 gold pieces (gained 12).
As you open the door, it creaks loudly!
There is an open door here.
You open the door.
There is an open door here.
You open the door.
An orc warrior, an orc and 2 orc priests come into view.
The orc warrior shouts!
The orc priest shouts!
The orc priest shouts!
The orc shouts!
You claw the orc priest!
The orc priest is almost dead.
The orc priest invokes the aid of Beogh against you.
Pain shoots through your body!
You closely miss the orc priest.
The orc priest is almost dead.
The orc priest barely misses you.
You closely miss the orc priest.
The orc priest is almost dead.
The orc priest hits you with a +0 short sword.
You barely miss the orc priest.
The orc priest is almost dead.
The orc priest looks braver for a moment.
You scratch the orc priest but do no damage.
The orc priest is almost dead.
You mangle the orc priest!!
You kill the orc priest!
Sif Muna accepts your kill.
The orc priest calls down the wrath of Beogh upon you.
Beogh smites you!
You closely miss the orc warrior. Your claw misses the orc warrior.
The orc priest calls down the wrath of Beogh upon you.
Beogh smites you! The orc warrior barely misses you.
You claw the orc warrior!
The orc warrior is heavily wounded.
You mangle the orc!!
You kill the orc!
Sif Muna accepts your kill.
You scratch the orc priest but do no damage.
The orc priest calls upon Beogh to heal the orc warrior.
The orc warrior is healed somewhat.
The orc warrior hits you with a +0 hand axe!
You scratch the orc priest but do no damage.
The orc priest barely misses you.
The orc warrior hits you with a +0 hand axe!
You closely miss the orc priest. The orc priest closely misses you.
The orc warrior hits you with a +0 hand axe.
You scratch the orc priest.
The orc priest is moderately wounded.
You scratch the orc priest.
The orc priest is heavily wounded.
The orc priest miscasts a cantrip.
The orc warrior hits you with a +0 hand axe!
You barely miss the orc priest.
The orc priest is heavily wounded.
The orc priest hits you with a +0 dagger.
The orc warrior hits you with a +0 hand axe.
You claw the orc priest!
You kill the orc priest!
Sif Muna accepts your kill.
The orc warrior hits you with a +0 hand axe.
The orc warrior closely misses you.
There is an open door, spattered with blood here.
Items here: ))) [[ ††.
You scratch the orc warrior but do no damage.
The orc warrior is lightly wounded.
The orc warrior barely misses you.
You scratch the orc warrior but do no damage.
The orc warrior is lightly wounded.
The orc warrior barely misses you.
You closely miss the orc warrior.
The orc warrior is lightly wounded.
The orc warrior barely misses you.
You closely miss the orc warrior.
The orc warrior is lightly wounded.
The orc warrior hits you with a +0 hand axe.
You scratch the orc warrior but do no damage.
The orc warrior is lightly wounded.
You claw the orc warrior!
The orc warrior is heavily wounded.
The orc warrior hits you with a +0 hand axe!
You barely miss the orc warrior. Your claw misses the orc warrior.
The orc warrior is heavily wounded.
The orc warrior hits you with a +0 hand axe!
* * * LOW HITPOINT WARNING * * *
You barely miss the orc warrior.
The orc warrior is heavily wounded.
The orc warrior hits you with a +0 hand axe!
* * * LOW HITPOINT WARNING * * *
Aiming: Mindburst
Press: ? - help, Shift-Dir - straight line, f - orc warrior
Aim: an orc warrior, wielding a +0 hand axe and wearing a +0 chain mail (heavily wounded, chance to affect: 64%)
The orc warrior struggles to resist.
The orc warrior hits you with a +0 hand axe!
* * * LOW HITPOINT WARNING * * *
Okay, then.
It was a potion of degeneration.
There was something very wrong with that liquid.
You feel weakened.
You feel dopey.
You feel clumsy.
The orc warrior hits you with a +0 hand axe!
You die...

Skill      XL: |  1  2  3  4  5  6  7  8  9 |
---------------+----------------------------+-----
Unarmed Combat | 1 2 3 4 5 6 7 |  7.0
Dodging        | 2 3 4 |  4.4
Fighting       | 1 2 3 |  3.9
Throwing       | 1 2 3 |  3.5
Invocations    | 2 3 4 5 |  5.1
Stealth        | |  1.0
Spellcasting   | |  1.2
Transmutations | |  0.6
Earth Magic    | |  2.6

Action                   |  1- 3 |  4- 6 |  7- 9 || total
-------------------------+-------+-------+-------++-------
Melee: Unarmed           |   134 |   119 |   208 ||   461
       Punch             |     2 |     2 |     6 ||    10
 Fire: Shortbow          |       |       |    11 ||    11
Throw: Stone             |     3 |     3 |     7 ||    13
       Large rock        |       |     4 |     2 ||     6
Evoke: Wand              |       |     7 |     6 ||    13
  Use: Potion            |       |       |     1 ||     1
 Stab: Sleeping          |     2 |     2 |     1 ||     5
Armor: Robe              |    48 |    35 |    37 ||   120
Dodge: Dodged            |    56 |    57 |    70 ||   183
       Repelled          |       |       |     1 ||     1

Levels and vault maps discovered:
D:1:      eino_arrival_cavern_d, layout_basic, minmay_misc_feat_chi
D:2:      layout_rooms
D:3:      layout_loops_ring, lemuel_doored_altar, lemuel_round_altar,
          mainiacjoe_overflow_catwalk, mainiacjoe_overflow_six_doors_small,
          moated_statue, grunt_decor_mini_mirrors, uniq_ijyb
D:4:      layout_rooms, grunt_temple_overflow_forces_of_nature,
          mainiacjoe_overflow_tiny_flanked,
          chequers_temple_overflow_statue_of_worship, uniq_grinder,
          uniq_duvessa, uniq_eustachio
D:5:      layout_rooms, minmay_temple_entry_mini_moons
D:6:      layout_loops_cross, mainiacjoe_overflow_small_starburst,
          mainiacjoe_overflow_alcove_4, mainiacjoe_overflow_paths,
          serial_co_window_serial, co_window_paths_b, co_window_corner_a,
          co_window_of_opportunity_a, co_window_paths_a, co_window_paths_a,
          co_window_2corner, co_window_2corner, co_window_of_opportunity_b,
          co_window_2corner, co_window_paths_e, glass_columns_b,
          glass_columns_a, glass_columns_b, glass_columns_c, glass_columns_c
D:7:      layout_gridville, serial_shops, shop, kennysheep_small_square
Temple:   hellmonk_temple_divided_pantheon

Notes
Turn   | Place    | Note
-------+----------+-------------------------------------------
     0 | D:1      | scionoferis the Troll Earth Elementalist began the quest
                  | for the Orb.
     0 | D:1      | Reached XP level 1. HP: 16/16 MP: 1/1
   113 | D:1      | Reached skill level 1 in Unarmed Combat
   133 | D:1      | Reached XP level 2. HP: 26/26 MP: 2/2
   580 | D:2      | Reached skill level 2 in Dodging
   580 | D:2      | Reached XP level 3. HP: 21/32 MP: 3/3
   583 | D:2      | Reached skill level 1 in Fighting
   584 | D:2      | Reached skill level 2 in Unarmed Combat
   880 | D:2      | Reached XP level 4. HP: 41/41 MP: 4/4
  1194 | D:3      | Found an ornate altar of the Wu Jian Council.
  1220 | D:3      | Noticed Ijyb
  1225 | D:3      | Killed Ijyb
  1226 | D:3      | Reached skill level 3 in Unarmed Combat
  1255 | D:3      | Reached XP level 5. HP: 32/48 MP: 5/5
  1343 | D:3      | Found an iron altar of Okawaru.
  1418 | D:3      | Found a burning altar of Makhleb.
  1503 | D:3      | Reached skill level 2 in Fighting
  1750 | D:3      | Found a shimmering blue altar of Sif Muna.
  1758 | D:3      | Became a worshipper of Sif Muna the Loreminder
  1879 | D:4      | Found an opulent altar of Gozag.
  1879 | D:4      | Found a snail-covered altar of Cheibriados.
  1917 | D:3      | Reached skill level 4 in Unarmed Combat
  1917 | D:3      | Reached XP level 6. HP: 53/57 MP: 6/6
  1943 | D:4      | Noticed Eustachio
  1964 | D:4      | Killed Eustachio
  1965 | D:4      | Reached skill level 1 in Throwing
  1965 | D:4      | Reached skill level 3 in Dodging
  1965 | D:4      | Reached skill level 1 in Invocations
  2066 | D:4      | Noticed Duvessa
  2085 | D:4      | Killed Duvessa
  2086 | D:4      | Reached skill level 2 in Invocations
  2086 | D:4      | Reached XP level 7. HP: 66/66 MP: 7/7
  2120 | D:4      | Noticed Dowan
  2123 | D:4      | Killed Dowan
  2168 | D:4      | Noticed Grinder
  2170 | D:4      | Paralysed by Grinder for 4 turns
  2185 | D:4      | Killed Grinder
  2186 | D:4      | Reached skill level 5 in Unarmed Combat
  2189 | D:4      | Reached skill level 2 in Throwing
  2189 | D:4      | Reached skill level 3 in Invocations
  2205 | D:4      | Found a bloodstained altar of Trog.
  2218 | D:4      | Found a stormy altar of Qazlal.
  2229 | D:4      | Found a blossoming altar of Fedhas.
  2366 | D:5      | Entered Level 5 of the Dungeon
  2421 | D:5      | Reached skill level 3 in Fighting
  2438 | D:5      | Reached * piety under Sif Muna
  2439 | D:5      | Reached XP level 8. HP: 49/75 MP: 9/9
  2778 | D:5      | Found a staircase to the Ecumenical Temple.
  2796 | Temple   | Entered the Ecumenical Temple
  2796 | Temple   | Found a transporter.
  2796 | Temple   | Found a transporter.
  2798 | Temple   | Found a transporter.
  2798 | Temple   | Found a transporter.
  3081 | D:6      | Found a hide-covered altar of Uskayaw.
  3129 | D:6      | Reached skill level 4 in Invocations
  3174 | D:6      | Reached skill level 6 in Unarmed Combat
  3324 | D:6      | Reached skill level 4 in Dodging
  3359 | D:6      | Found a sparkling altar of Nemelex Xobeh.
  3560 | D:6      | Found a glowing golden altar of the Shining One.
  3574 | D:6      | Reached skill level 3 in Throwing
  3978 | D:7      | Reached XP level 9. HP: 41/84 MP: 11/11
  4043 | D:7      | Found Jegog's Assorted Antiques.
  4061 | D:7      | Bought a scroll labelled BICETZI YTANYW for 19 gold pieces
  4061 | D:7      | Bought a scroll labelled BICETZI YTANYW for 19 gold pieces
  4061 | D:7      | Bought an encrusted bone ring for 95 gold pieces
  4061 | D:7      | Bought a scroll labelled HYEDYA TYVIRED for 19 gold pieces
  4211 | D:7      | Reached ** piety under Sif Muna
  4222 | D:7      | Reached skill level 5 in Invocations
  4371 | D:7      | Reached skill level 7 in Unarmed Combat
  4516 | D:7      | HP: 2/84 [orc warrior/+0 hand axe (13)]
  4517 | D:7      | Slain by an orc warrior

Vanquished Creatures
  Grinder (D:4)
  Eustachio (D:4)
  A water moccasin (D:6)
  Duvessa (D:4)
  An orc warrior (D:7)
  A sky beast (D:7)
  3 centaurs (D:6 D:7)
  2 phantoms (D:6)
  A necrophage (D:5)
  2 bullfrogs (D:7)
  A gnoll sergeant (D:7)
  Dowan (D:4)
  3 howler monkeys (D:7)
  4 jellies (D:4 D:5 D:6)
  5 hounds (D:3 D:4 D:6)
  3 orc priests (D:3 D:7)
  Ijyb (D:3)
  6 iguanas (D:3 D:4 D:5 D:6)
  4 orc wizards (D:5 D:7)
  3 gnolls (D:5)
  9 adders (D:2 D:3 D:4 D:5)
  A shadow imp (D:7)
  A white imp (D:7)
  An ufetubus (D:4)
  A worm (D:2)
  A dart slug (D:3)
  16 orcs (D:3 D:5 D:6 D:7)
  6 ball pythons (D:1 D:3 D:4)
  10 bats (D:1 D:2)
  10 endoplasms (D:1 D:2 D:3 D:4)
  3 giant cockroaches (D:1 D:2)
  7 hobgoblins (D:1 D:2 D:3 D:4)
  6 jackals (D:2)
  8 kobolds (D:1 D:2 D:3 D:4)
  A quokka (D:1)
  5 frilled lizards (D:1 D:2 D:3)
  5 goblins (D:1 D:4)
  4 rats (D:1 D:2)
140 creatures vanquished.

Table legend: (Time is in decaauts)
 A = Elapsed time spent in this place.
 B = Non-inter-level travel time spent in this place.
 C = Inter-level travel time spent in this place.
 D = Time resting spent in this place.
 E = Time spent auto-exploring this place.
 F = Levels seen in this place.
 G = Mean time per level.
                   A        B        C        D        E       F      G
               +--------+--------+--------+--------+--------+-----+--------+
         Total |   4494 |   4380 |    114 |     66 |   3082 |   8 |  561.8 |
       Dungeon |   4452 |   4338 |    114 |     66 |   3075 |   7 |  636.0 |
        Temple |     41 |     41 |      0 |      0 |      7 |   1 |   41.0 |
               +--------+--------+--------+--------+--------+-----+--------+

Top non-repeatable levels by time:
     D:6: 967 daAuts
     D:3: 778 daAuts
     D:7: 635 daAuts
     D:1: 582 daAuts
     D:2: 535 daAuts
     D:5: 481 daAuts
     D:4: 471 daAuts
  Temple: 41 daAuts

Table legend:
 A = Non-vault XP
 B = Vault XP
 C = Vault XP percentage of total XP
 D = Non-vault monster count
 E = Vault monster count
 F = Vault count percentage of total count
                 A         B        C        D         E       F
            +---------+---------+-------+---------+---------+-------
      Total |    2525 |     862 |  25.5 |     133 |       7 |   5.0
            +---------+---------+-------+---------+---------+-------
        D:1 |      33 |       0 |   0.0 |      19 |       0 |   0.0
        D:2 |     102 |       0 |   0.0 |      32 |       0 |   0.0
        D:3 |     217 |      38 |  14.9 |      20 |       1 |   4.8
        D:4 |     200 |     656 |  76.6 |      15 |       4 |  21.1
        D:5 |     367 |       0 |   0.0 |      17 |       0 |   0.0
        D:6 |     830 |       0 |   0.0 |      14 |       0 |   0.0
        D:7 |     776 |     168 |  17.8 |      16 |       2 |  11.1
            +---------+---------+-------+---------+---------+-------
